 Dungeon Crawl Stone Soup version 0.27.0-65-ge2af304b15 (webtiles) character file.

Game seed: 3053199491538378582

126223 Kinoniko the Executioner (level 16, 164/167 HPs)
             Began as an Ogre Berserker on Aug 17, 2021.
             Was a High Priest of Trog.
             Quit the game on level 2 of the Swamp on Aug 19, 2021.
             The game lasted 00:34:43 (25467 turns).

Kinoniko the Executioner (Ogre Berserker)          Turns: 25467, Time: 00:34:43

Health: 164/167    AC: 10    Str: 23 (25) XL:     16   Next: 98%
Magic:  16/16      EV: 20    Int:  8      God:    Trog [*****.]
Gold:   707        SH: 13    Dex: 17      Spells: 15/15 levels left

rFire    + + .     SeeInvis .   R - +0 broad axe (vorpal)
rCold    + + .     Faith    .   I - +2 shield of Resistance {rF++ rC++ Will++}
rNeg     . . .     Spirit   .   P - +2 troll leather armour {Snorg}
rPois    +         Reflect  .   (helmet restricted)
rElec    .         Harm     .   D - +2 cloak
rCorr    .         Rampage  .   (gloves unavailable)
Will     +++..     Rnd*Rage +   (boots unavailable)
Stlth    +.........             F - amulet "Qupluoh" {Drain Regen+ Dex+4 Slay+2}
HPRegen  2.37/turn              N - ring of poison resistance
MPRegen  0.15/turn              j - +4 ring of evasion

@: studying Axes
A: large, unfitting armour, tough skin 1, berserk 1, deterioration 1, passive
freeze
a: Renounce Religion, Berserk, Trog's Hand, Brothers in Arms


You were on level 2 of the Swamp.
You worshipped Trog.
Trog was extremely pleased with you.
You visited 5 branches of the dungeon, and saw 26 of its levels.
You also visited: Sewer and Ossuary.

You collected 2555 gold pieces.
You spent 1848 gold pieces at shops.

Inventory:

Hand Weapons
 C - a +3 executioner's axe
 R - a +0 vorpal broad axe (weapon)
 W - the +5 battleaxe "Wugg" {vorpal, rPois rN+}
   (Trog gifted it to you on level 5 of the Lair of Beasts)

   It inflicts extra damage upon your enemies.
   rPois:     It protects you from poison.
   rN:        It protects you from negative energy.
Missiles
 v - a throwing net (quivered)
Armour
 D - a +2 cloak (worn)
 I - the +2 shield of Resistance (worn) {rF++ rC++ Will++}
   (You found it on level 11 of the Dungeon)

   rF:        It greatly protects you from fire.
   rC:        It greatly protects you from cold.
   Will:      It greatly increases your willpower.
 P - a +2 troll leather armour (worn) {Snorg}
Jewellery
 a - a ring of willpower
 e - a +4 ring of protection
 j - a +4 ring of evasion (right hand)
 u - an amulet of the acrobat
 F - the amulet "Qupluoh" (around neck) {Drain Regen+ Dex+4 Slay+2}
   (You acquired it on level 1 of the Orcish Mines)

   [amulet of regeneration]

   Dex:       It affects your dexterity (+4).
   Slay:      It affects your accuracy & damage with ranged weapons and melee
   (+2).
   Regen:     It increases your rate of health regeneration.
   Drain:     It drains your maximum health when unequipped.
 G - a ring of flight
 J - a ring of positive energy
 M - a +4 ring of evasion
 N - a ring of poison resistance (left hand)
 Y - an amulet of faith
Wands
 w - a wand of mindburst (64)
 H - a wand of acid (8)
 K - a wand of paralysis (13)
 L - a wand of polymorph (18)
 O - a wand of digging (2)
 T - a wand of charming (29)
Scrolls
 c - 3 scrolls of blinking
 f - 4 scrolls of fear
 h - a scroll of magic mapping
 n - 4 scrolls of fog
 o - 3 scrolls of torment
 q - 4 scrolls of holy word
 y - 6 scrolls of teleportation
 Q - 5 scrolls of immolation
 S - 2 scrolls of summoning
 V - a scroll of silence
Potions
 b - a potion of might
 d - a potion of attraction {unknown}
 g - 5 potions of haste
 i - 6 potions of resistance
 k - 4 potions of cancellation
 l - 3 potions of brilliance
 m - 2 potions of invisibility
 p - a potion of magic {unknown}
 r - 2 potions of mutation
 s - 5 potions of berserk rage
 t - 5 potions of curing
 x - 5 potions of heal wounds
 z - 4 potions of flight
 A - 2 potions of degeneration {unknown}
 B - 4 potions of lignification
 Z - a potion of ambrosia {unknown}
Miscellaneous
 E - a condenser vane


   Skills:
 - Level 12.8 Fighting
 - Level 21.8 Axes
 - Level 13.5 Dodging
 * Level 6.4 Shields


You had 15 spell levels left.
You didn't know any spells.
Your spell library was empty.

Dungeon Overview and Level Annotations

Branches:
Dungeon (15/15)            Temple (0/1) D:4            Lair (6/6) D:8
  Swamp (2/4) Lair:2       Spider (1/4) Lair:2        Slime (0/5) Lair:5
    Orc (2/2) D:11            Elf (0/3) Orc:2        Vaults (0/5) D:13
 Depths (0/5) D:15          Sewer (visited)         Ossuary (visited)

Altars:
Dithmenos
Elyvilon
Hepliaklqana
Kikubaaqudgha
Nemelex Xobeh
Ru
Trog
Vehumet
Wu Jian
Zin
The Shining One
Beogh
Lugonu

Shops:
D:1 (   D:2 :   D:4 *   D:7 *   D:11 *   D:12 (   Orc:1 *   Orc:2 ([::[(

Portals:
Abyss: Lair:6

Annotations:
D:7 2 transporters
D:10 exclusion: statue
D:11 1 runed translucent door
Lair:3 1 runed translucent door, Name63's ghost, journeyman GnCj


Innate Abilities, Weirdness & Mutations

You are too large for most types of armour.
You have tough skin. (AC +1)
You tend to lose your temper in combat.
Your body sometimes deteriorates upon taking damage.
A frigid envelope surrounds you and freezes all who hurt you.


Message History

The swamp worm is lightly wounded.
A bog body comes into view.
You block the swamp worm's attack.
You closely miss the swamp worm.
The swamp worm is lightly wounded.
You block the swamp worm's attack.
You slice the swamp worm!!
The swamp worm is almost dead.
You hit the swamp worm.
The swamp worm is almost dead.
You block the swamp worm's attack.
You slash the swamp worm!
You kill the swamp worm!
Trog accepts your kill.
You enter the shallow water.
Moving in this stuff is going to be slow.
Found a leather armour.
Found a stone staircase leading up.
Found a thin runed staff.
You slash the bog body!
The bog body is moderately damaged.
You slash the bog body!
The bog body is heavily damaged.
The bog body gestures at you while chanting.
The bolt of cold misses you.
You slash the bog body!
The bog body is almost destroyed.
The bog body casts a spell at you. The bolt of cold hits you! You resist.
You barely miss the bog body.
The bog body is almost destroyed.
The bog body barely misses you.
You slice the bog body!!
You destroy the bog body!
Trog accepts your kill.
Trog appreciates your killing of a magic user.
No target in view!
Okay, then.
Okay, then.
Okay, then.
Are you sure you want to abandon this character and quit the game? (Confirm with "yes".)

♣♣♣♣♣♣.≈≈≈§≈.≈..≈≈
♣≈≈≈≈.♣♣♣. ♣
♣♣.≈≈≈.♣♣ .≈
♣.≈≈≈≈.≈♣ .≈≈
♣.≈≈≈≈.≈♣ ≈...
♣♣≈≈≈≈.≈♣♣ ♣♣≈≈≈
♣♣♣..≈≈≈♣♣..♣
♣.≈≈≈.♣≈≈≈....♣ ...
♣[≈≈≈≈.@......≈....
.♣.≈≈.≈†≈..≈≈≈.♣..
≈.≈.≈.≈≈≈≈≈≈≈≈.≈≈.
......≈≈≈≈§≈≈≈..≈≈
..♣≈≈≈≈≈≈≈..:≈.≈.≈
≈..≈.≈≈≈≈≈.....♣≈
.≈.≈..≈≈.<..≈≈.♣
.♣....≈≈|.≈.≈≈≈


There were no monsters in sight!

Vanquished Creatures
  Jorgrun (D:12)
  Frances (D:12)
  An ironbound preserver (D:13)
  A stone giant (D:15)
  2 bunyips
  Snorg (D:10)
  2 fire dragons (D:11)
  Fannar (D:11)
  2 ice dragons (D:11)
  4 boulder beetles
  3 catoblepae
  20 hydras
  5 two-headed ogres
  4 alligators
  2 centaur warriors (D:13)
  A tengu warrior (D:14)
  3 death yaks
  2 thrashing horrors (Lair:6)
  Nergalle (Lair:4)
  A goliath frog (Swamp:1)
  5 skeletal warriors (D:15)
  3 deep trolls (D:15)
  2 large abominations (Lair:6)
  A swamp dragon (Swamp:1)
  A bog body (Swamp:2)
  3 wizards
  6 orc knights
  2 wolf spiders (Spider:1)
  2 oklob plants (Lair:3)
  2 deep elf pyromancers (D:12)
  16 ugly things
  3 will-o-the-wisps
  8 cyclopes
  A manticore (D:15)
  3 orc sorcerers (Orc:1)
  4 black mambas
  A salamander (shapeshifter) (Lair:6)
  12 elephants
  3 smoke demons (Lair:6)
  13 cane toads
  A gargoyle (D:11)
  A cane toad (shapeshifter) (D:15)
  2 unseen horrors
  9 komodo dragons
  2 rime drakes
  A yaktaur (shapeshifter) (D:14)
  A troll (shapeshifter) (D:14)
  2 ancient zymes (Lair:6)
  4 jumping spiders
  3 trolls
  3 meliai (D:15)
  Grinder (D:3)
  7 tyrant leeches
  7 polar bears
  18 blink frogs
  8 slime creatures
  17 dream sheep
  7 hornets
  2 shadows (D:11)
  A redback (Spider:1)
  Sigmund (D:3)
  8 spriggans
  2 ynoxinuls (Lair:6)
  A tarantella (Spider:1)
  A wyvern (Lair:6)
  2 water elementals (D:14)
  43 yaks
  8 basilisks
  A vampire (D:13)
  4 wraiths
  14 vampire mosquitoes
  Menkaure (D:7)
  A steam dragon (Lair:2)
  3 swamp worms
  3 wargs (Orc:1)
  3 acid dragons
  15 water moccasins
  Purgy (Sewer)
  31 orc warriors
  A hornet zombie (Ossuary)
  4 boggarts (D:15)
  A black bear (D:3)
  A necrophage (D:6)
  15 ogres
  12 centaurs
  2 gnoll sergeants
  14 bullfrogs
  2 scorpions
  3 wyvern zombies
  5 water moccasin zombies
  9 small abominations (Lair:6)
  A water moccasin skeleton (D:6)
  A wyvern skeleton (D:5)
  3 killer bees (D:10)
  5 howler monkeys (D:9)
  6 electric eels (D:14)
  2 centaur skeletons (D:7)
  8 centaur zombies
  7 bullfrog zombies
  A gnoll shaman (D:10)
  7 jellies
  19 orc priests
  6 hounds
  An iguana (D:6)
  14 mummies (Ossuary)
  Jessica (D:3)
  18 orc wizards
  A killer bee zombie (D:7)
  A hound zombie (D:5)
  3 hound skeletons
  Robin (D:3)
  2 howler monkey zombies
  11 gnolls
  6 adders
  A shadow imp (D:8)
  A white imp (D:6)
  3 ufetubi (D:5)
  An adder skeleton (D:4)
  2 worms (D:4)
  2 dart slugs
  73 orcs
  28 endoplasms
  6 giant cockroaches
  19 goblins
  11 hobgoblins
  11 jackals
  8 kobolds
  4 quokkas
  6 ball pythons
  5 bats
  9 frilled lizards
  7 rats
780 creatures vanquished.

Vanquished Creatures (collateral kills)
  4 death yaks (Lair:6)
  A lindwurm (Lair:6)
  4 orc warriors (Orc:2)
  3 centaurs (Orc:2)
12 creatures vanquished.

Vanquished Creatures (others)
  A centaur zombie (D:11)
  A bloated husk (Swamp:2)
  A basilisk (Lair:5)
  An orc warrior (Orc:2)
  An orc wizard (Orc:2)
  20 foxfires
  16 fungi
  50 plants
  5 withered plants (Ossuary)
96 creatures vanquished.

Grand Total: 888 creatures vanquished

Notes
Turn   | Place    | Note
-------+----------+-------------------------------------------
     0 | D:1      | Kinoniko the Ogre Berserker began the quest for the Orb.
     0 | D:1      | Reached XP level 1. HP: 24/24 MP: 1/1
   116 | D:1      | Found a faded altar of an unknown god.
   127 | D:1      | Reached XP level 2. HP: 32/32 MP: 2/2
   239 | D:1      | Reached skill level 4 in Axes
   371 | D:1      | Reached XP level 3. HP: 32/39 MP: 3/3
   530 | D:1      | Reached ** piety under Trog
   665 | D:1      | Found Wyllak's Weapon Emporium.
  1080 | D:2      | Found Vizeesi's Book Emporium.
  1158 | D:2      | Found a bloodstained altar of Trog.
  1673 | D:3      | Noticed Robin
  1680 | D:3      | Reached XP level 4. HP: 47/47 MP: 4/4
  1687 | D:3      | Killed Robin
  1688 | D:3      | Reached skill level 5 in Axes
  1815 | D:3      | Reached *** piety under Trog
  1848 | D:3      | Noticed Sigmund
  1854 | D:3      | Gained mutation: You tend to lose your temper in combat.
                  | [potion of mutation]
  1854 | D:3      | Gained mutation: Your body sometimes deteriorates upon
                  | taking damage. [potion of mutation]
  1854 | D:3      | Gained mutation: A frigid envelope surrounds you and
                  | freezes all who hurt you. [potion of mutation]
  1858 | D:3      | Found a glowing drain.
  1861 | D:3      | Killed Sigmund
  1862 | D:3      | Reached skill level 6 in Axes
  1862 | D:3      | Reached XP level 5. HP: 54/54 MP: 5/5
  1862 | D:3      | Reached XP level 6. HP: 62/62 MP: 6/6
  1919 | Sewer    | Entered a sewer
  2028 | Sewer    | Noticed Purgy
  2033 | Sewer    | Killed Purgy
  2034 | Sewer    | Reached skill level 7 in Axes
  2185 | D:3      | Reached XP level 7. HP: 66/70 MP: 7/7
  2388 | D:3      | Noticed Grinder
  2400 | D:3      | Killed Grinder
  2401 | D:3      | Reached skill level 8 in Axes
  2465 | D:3      | Noticed Jessica
  2468 | D:3      | Killed Jessica
  2656 | D:3      | Reached skill level 9 in Axes
  2959 | D:4      | Reached XP level 8. HP: 78/78 MP: 8/8
  3299 | D:4      | Reached **** piety under Trog
  3305 | D:4      | Found Moynluorche's Elemental Accessories.
  3651 | D:4      | Found a staircase to the Ecumenical Temple.
  3821 | D:5      | Entered Level 5 of the Dungeon
  3827 | D:5      | Found a shadowy altar of Dithmenos.
  4029 | D:5      | Found a white marble altar of Elyvilon.
  4038 | D:5      | Found an ancient bone altar of Kikubaaqudgha.
  4307 | D:5      | Reached skill level 10 in Axes
  4892 | D:6      | Reached skill level 11 in Axes
  4943 | D:6      | Found a sand-covered staircase.
  5005 | Ossuary  | Entered an ossuary
  5023 | Ossuary  | Reached XP level 9. HP: 77/84 MP: 9/9
  5200 | Ossuary  | Reached skill level 12 in Axes
  6232 | D:6      | Reached ***** piety under Trog
  6243 | D:6      | Reached skill level 13 in Axes
  6289 | D:6      | Found a glowing silver altar of Zin.
  7060 | D:7      | Found a sparkling altar of Nemelex Xobeh.
  7083 | D:7      | Noticed Menkaure
  7089 | D:7      | Killed Menkaure
  7090 | D:7      | Reached XP level 10. HP: 92/92 MP: 10/10
  7236 | D:7      | Found Ziyco's Gadget Gallery.
  7421 | D:7      | Found a glowing golden altar of the Shining One.
  7463 | D:7      | Found a transporter.
  7468 | D:7      | Found a transporter.
  7473 | D:7      | Noticed a deep elf pyromancer
  7473 | D:7      | Noticed a white ugly thing
  7475 | D:7      | Found a hazy altar of Hepliaklqana.
  8106 | D:8      | Found a sacrificial altar of Ru.
  8141 | D:8      | Reached skill level 14 in Axes
  8188 | D:8      | Noticed a two-headed ogre
  8196 | D:8      | Killed a two-headed ogre
  8364 | D:8      | Noticed a two-headed ogre
  8370 | D:8      | Killed a two-headed ogre
  8486 | D:8      | Found a staircase to the Lair.
  8607 | D:9      | Reached skill level 15 in Axes
  8932 | D:9      | Reached XP level 11. HP: 99/100 MP: 11/11
  9310 | D:10     | Entered Level 10 of the Dungeon
  9394 | D:10     | Identified the +5 hand crossbow "Mut Hafe" {speed, rElec
                  | Int+5 Dex+6}
  9537 | D:10     | Reached skill level 16 in Axes
  9777 | D:10     | Noticed Snorg
  9788 | D:10     | Killed Snorg
  9948 | D:10     | Found a radiant altar of Vehumet.
 10222 | D:10     | Received a gift from Trog
 10323 | D:11     | Noticed an ice dragon
 10324 | D:11     | Noticed a fire dragon
 10325 | D:11     | Noticed an ice dragon
 10326 | D:11     | Found a runed translucent door.
 10326 | D:11     | Noticed a fire dragon
 10327 | D:11     | Found the +2 shield of Resistance {rF++ rC++ Will++}
 10329 | D:11     | Found a runed translucent door.
 10346 | D:11     | Noticed a cyclops
 10370 | D:11     | Killed a cyclops
 10427 | D:11     | Found a staircase to the Orcish Mines.
 10471 | D:11     | Reached skill level 17 in Axes
 10680 | D:11     | Found Cuzesal's General Store.
 10695 | D:11     | Noticed Fannar
 10704 | D:11     | Killed Fannar
 10756 | D:11     | Noticed a six-headed hydra
 10761 | D:11     | Killed an eight-headed hydra
 11246 | Lair:1   | Entered Level 1 of the Lair of Beasts
 11254 | Lair:1   | Noticed a four-headed hydra
 11258 | Lair:1   | Killed a five-headed hydra
 11259 | Lair:1   | Reached XP level 12. HP: 107/107 MP: 12/12
 11337 | Lair:1   | Reached skill level 18 in Axes
 12150 | Lair:2   | Found a staircase to the Swamp.
 12335 | Lair:2   | Found a hole to the Spider Nest.
 12499 | Lair:2   | Noticed a four-headed hydra
 12508 | Lair:2   | Killed a seven-headed hydra
 12570 | Lair:2   | Reached skill level 5 in Dodging
 12878 | Lair:3   | Noticed a boulder beetle
 12887 | Lair:3   | Killed a boulder beetle
 12959 | Lair:3   | Noticed a boulder beetle
 12970 | Lair:3   | Killed a boulder beetle
 12971 | Lair:3   | Reached skill level 19 in Axes
 13069 | Lair:3   | Reached XP level 13. HP: 104/114 MP: 13/13
 13467 | Lair:3   | Found a runed translucent door.
 13467 | Lair:3   | Noticed Name63's ghost (journeyman GnCj)
 13883 | Lair:4   | Received a gift from Trog
 14079 | Lair:4   | Noticed Nergalle
 14087 | Lair:4   | Killed Nergalle
 14804 | Lair:5   | Identified the +20 crystal plate armour "Ryrrio" {rF+++
                  | Int-2}
 14831 | Lair:5   | Reached skill level 20 in Axes
 15029 | Lair:5   | Reached ****** piety under Trog
 15087 | Lair:5   | Found a staircase to the Slime Pits.
 15107 | Lair:5   | Identified the +5 battleaxe "Wugg" {vorpal, rPois rN+}
                  | (Trog gifted it to you on level 5 of the Lair of Beasts)
 15107 | Lair:5   | Received a gift from Trog
 15120 | Lair:5   | Reached XP level 14. HP: 78/123 MP: 14/14
 15875 | Lair:6   | Entered Level 6 of the Lair of Beasts
 15919 | Lair:6   | Reached skill level 5 in Fighting
 16375 | Lair:6   | Reached skill level 10 in Dodging
 16862 | Lair:6   | Found a corrupted altar of Lugonu.
 16862 | Lair:6   | Found a one-way gate to the infinite horrors of the Abyss.
 16867 | Lair:6   | Reached XP level 15. HP: 143/143 MP: 15/15
 17405 | Lair:6   | Identified the +5 scale mail of Prudence {Contam rF+ Dex+6}
 17692 | D:12     | Found Baatserch's Weapon Shoppe.
 17697 | D:12     | Received a gift from Trog
 17838 | D:12     | Reached skill level 21 in Axes
 18221 | D:12     | Noticed Jorgrun
 18236 | D:12     | Killed Jorgrun
 18488 | D:12     | Noticed Frances
 18506 | D:12     | Killed Frances
 19521 | D:13     | Found a gate to the Vaults.
 20386 | Orc:1    | Entered Level 1 of the Orcish Mines
 20391 | Orc:1    | Received a gift from Trog
 20462 | Orc:1    | Reached skill level 10 in Fighting
 20473 | Orc:1    | Found Aoreopn's Alliterative Accessories.
 20508 | Orc:1    | Bought a scroll of acquirement for 728 gold pieces
 20508 | Orc:1    | Acquired the amulet "Qupluoh" {Drain Regen+ Dex+4 Slay+2}
 21135 | Orc:2    | Entered Level 2 of the Orcish Mines
 21140 | Orc:2    | Found Balinaesa's Weapon Shoppe.
 21228 | Orc:2    | Found Deskazib's Book Boutique.
 21228 | Orc:2    | Found Vobokire's Book Emporium.
 21347 | Orc:2    | Found Ysiose Umov's Antique Armour Shop.
 21349 | Orc:2    | Found Duumuow's Armour Shoppe.
 21501 | Orc:2    | Found a staircase to the Elven Halls.
 21515 | Orc:2    | Received a gift from Trog
 21609 | Orc:2    | Found Wuygh's Weapon Shoppe.
 21890 | Orc:1    | Paralysed by an orc sorcerer for 3 turns
 22023 | Orc:1    | Bought a manual of Axes for 1120 gold pieces
 22359 | D:14     | Reached XP level 16. HP: 122/161 MP: 16/16
 22622 | D:14     | You fall into a shaft and drop 1 floor!
 22622 | D:15     | Entered Level 15 of the Dungeon
 22786 | D:15     | Found a staircase to the Depths.
 22825 | D:15     | Found an ornate altar of the Wu Jian Council.
 23580 | D:14     | Reached skill level 1 in Shields
 23762 | D:14     | You fall into a shaft and drop 1 floor!
 24038 | Spider:1 | Entered Level 1 of the Spider Nest
 24282 | Swamp:1  | Entered Level 1 of the Swamp
 24302 | Swamp:1  | HP: 4/166 [spriggan rider (13)]
 25168 | Swamp:2  | Reached skill level 5 in Shields
 25248 | Swamp:1  | Upgraded the game from 0.27.0-1-g7a089689b8 to
                  | 0.27.0-65-ge2af304b15
 25467 | Swamp:2  | Quit the game

Illustrated notes

Levels and vault maps discovered:
D:1:      tarquinn_simple_flora_water_f, layout_rooms, serial_shops,
          nicolae_lakefront_shop, basic_ecumenical_altar,
          chequers_serial_rivers_micro_c
D:2:      layout_basic, serial_shops, shop, basic_altar
D:3:      layout_basic, gup_sewer_entry_glass, cheibrodos_gnoll_hut,
          uniq_sigmund, uniq_jessica, uniq_grinder, uniq_robin
D:4:      layout_basic, minmay_temple_entry_poolview, nicolae_elemental_shop,
          minmay_increasing_density
D:5:      layout_basic, nicolae_overflow_crystal_walls,
          mainiacjoe_overflow_swirl, minmay_tree_intersection
D:6:      layout_gridville, zin_academy, nicolae_ossuary_entry_false_entrances,
          kennysheep_generic_room_16
D:7:      layout_loops_corners, tso_oasis_becter,
          nemelex_xobeh_ov_fountains_minmay, gammafunk_temple_overflow_arena,
          minmay_misc_feat_chi, corexii_leaking_fountain, nicolae_shop_gadgets,
          uniq_menkaure
D:8:      layout_gridville, mainiacjoe_overflow_24_doors, dpeg_oklobed_lair
D:9:      layout_rooms
D:10:     layout_basic, vehumet_statue, uniq_snorg
D:11:     layout_small_grid, orc_0_dummy, serial_shops, kennysheep_mini,
          minmay_guarded_unrand_resistance, uniq_fannar
D:12:     layout_layer_cave, gauntlet_entry_generic, nicolae_stop_n_shop_1,
          uniq_frances, uniq_jorgrun
D:13:     layout_cave_pods, skrybe_vaults_entry_preservation
D:14:     layout_stronghold, serial_column_ruins, column_ruins_circle_medium,
          column_ruins_columns_T, column_ruins_columns_corner,
          column_ruins_open_tiny, column_ruins_open_tiny,
          column_ruins_open_small, column_ruins_open_medium,
          minmay_strange_pillars, serial_bayou_lake_a
D:15:     hangedman_depths_entry_civil_slaughter, layout_basic,
          lemuel_crystal_altar
Lair:1:   layout_loops_ring, minivault_19, minmay_holes, patterned_corridor,
          grunt_megastairs_5
Lair:2:   layout_loops_ring, swamp_mist_pool, spider_nest_entry_rubble
Lair:3:   lemuel_slime, layout_loops_ring, ebering_ghost_inner_flame,
          lemuel_fruit_tree, infiniplex_staircase_pool_2, grunt_megastairs_2,
          minmay_lair_oklob_chamber
Lair:4:   layout_long_grid, nicolae_lair_yak_garden, grunt_megastairs_3,
          uniq_nergalle
Lair:5:   layout_cave_pods, nicolae_slime_entry_slimehenge, minivault_23,
          chequers_serial_rivers_micro_d, cheibrodos_lair_lostbears,
          grunt_megastairs_1
Lair:6:   hellmonk_lair_end_abyssal_woods, layout_cave_pods
Swamp:1:  layout_basic_swamp, serial_swamp_ruin, evilmike_swamp_ruin_house_5,
          hangedman_swamp_ruin_wall
Swamp:2:  layout_basic_swamp, evilmike_swamp_ruin_rubble_2, swamp_pool1,
          uniq_donald
Spider:1: layout_spider_delve, special_room [special_room_bee], drop_trap,
          nicolae_spider_twisty_arc_passages, uniq_rupert
Orc:1:    lemuel_ogre_cave, layout_diamond_mine, nicolae_alphabet_shops,
          minmay_orc_temple_b
Orc:2:    st_orc_rangers, layout_caves, serial_shops, shop, shop_fountains

Skill      XL: |  1  2  3  4  5  6  7  8  9 10 11 12 13 14 15 16 |
---------------+-------------------------------------------------+-----
Axes           | 4 6 7 9 11 13 15 17 19 20 21 | 21.8
Dodging        | 5 8 10 12 13 | 13.5
Fighting       | 7 10 12 | 12.8
Shields        | 6 |  6.4

Action                   |  1- 3 |  4- 6 |  7- 9 | 10-12 | 13-15 | 16-18 || total
-------------------------+-------+-------+-------+-------+-------+-------++-------
Melee: Hand axe          |   145 |    38 |   341 |       |       |       ||   524
       Battleaxe         |       |       |    12 |   405 |   724 |   136 ||  1277
       Broad axe         |       |       |       |       |       |   200 ||   200
Invok: Berserk           |     2 |     3 |     8 |    13 |    23 |     9 ||    58
       Trog's Hand       |       |       |     1 |     1 |     1 |     2 ||     5
       Brothers in Arms  |       |       |       |       |     2 |       ||     2
  Use: Potion            |       |     2 |       |     1 |       |     1 ||     4
       Scroll            |       |       |    17 |     5 |     6 |     5 ||    33
 Stab: Invisible         |       |       |       |     3 |       |       ||     3
       Petrifying        |       |       |       |       |     1 |       ||     1
Armor: Animal skin       |    53 |    20 |   116 |    48 |       |       ||   237
       Troll leather arm |       |       |       |    80 |   210 |    67 ||   357
Dodge: Dodged            |    87 |    17 |   124 |   308 |   549 |   230 ||  1315
Block: Kite shield       |       |       |       |       |       |   134 ||   134
